 Dungeon Crawl Stone Soup version 0.26.1-11-gd32895ea62 (webtiles) character file.

Game seed: 620228904243794972

81 nothank2 the Firebug (level 4, -6/30 HPs)
             Began as a Demonspawn Fire Elementalist on June 22, 2021.
             Mangled by an iguana (8 damage)
             ... on level 3 of the Dungeon.
             The game lasted 00:09:48 (3290 turns).

nothank2 the Firebug (Demonspawn Fire Elementalist) Turns: 3290, Time: 00:09:48

Health: -6/30      AC:  4    Str:  8    XL:     4   Next: 19%
Magic:  0/8        EV: 12    Int: 17    God:
Gold:   54         SH:  0    Dex: 14    Spells: 3/8 levels left

rFire    . . .     SeeInvis .   j - +1 dagger (freeze)
rCold    . . .     Faith    .   (no shield)
rNeg     . . .     Spirit   +   a - +0 robe
rPois    .         Reflect  .   (no helmet)
rElec    .         Harm     .   (no cloak)
rCorr    +         Rampage  .   (no gloves)
Will     .....                  (no boots)
Stlth    ++........             (no amulet)
HPRegen  0.10/turn              m - ring of resist corrosion
MPRegen  0.11/turn              (no ring)

@: no status effects
A: slimy green scales 1, magic shield
a: no special abilities


You were on level 3 of the Dungeon.
You visited 1 branch of the dungeon, and saw 3 of its levels.

You collected 54 gold pieces.

Inventory:

Hand Weapons
 c - a +0 club
 j - a +1 dagger of freezing (weapon)
Missiles
 b - 61 stones
Armour
 a - a +0 robe (worn)
Jewellery
 l - an uncursed ring of ice
 m - a ring of resist corrosion (left hand)
Scrolls
 e - 7 scrolls of identify {unknown}
 f - a scroll of blinking {unknown}
 k - a scroll of teleportation {unknown}
 o - a scroll of fear {unknown}
Potions
 d - 3 potions of brilliance {unknown}
 g - a potion of haste {unknown}
 h - a potion of attraction {unknown}
 i - a potion of curing {unknown}
 n - a potion of heal wounds {unknown}


   Skills:
 - Level 1.7 Dodging
 - Level 1.7 Stealth
 + Level 2.7 Spellcasting
 + Level 1.3 Conjurations
 + Level 4.1 Fire Magic


You had 3 spell levels left.
You knew the following spells:

 Your Spells              Type           Power        Failure   Level
a - Foxfire               Conj/Fire      44%          6%          1
b - Sticky Flame          Conj/Fire      11%          52%         4

Your spell library contained the following spells:

 Spells                   Type           Power        Failure   Level
 Corona                   Hex            2%           19%         1
 Conjure Flame            Conj/Fire      11%          19%         3
 Inner Flame              Hex/Fire       9%           24%         3
 Ensorcelled Hibernation  Hex/Ice        4%           26%         2
 Dazzling Flash           Conj/Hex       8%           38%         3
 Confusing Touch          Hex            2%           47%         3
 Tukima's Dance           Hex            2%           47%         3
 Fireball                 Conj/Fire      5%           86%         5


Dungeon Overview and Level Annotations

Branches:
Dungeon (3/15)

Altars:
Ashenzari

Annotations:
D:2 1 runed translucent door, Crazy Yiuf


Innate Abilities, Weirdness & Mutations

You are partially covered in slimy green scales. (AC +2)
When hurt, damage is shared between your health and your magic reserves.


Message History

The iguana bites you!
* * * LOW HITPOINT WARNING * * *
The foxfire hits the iguana but does no damage.
The iguana is severely wounded.
The foxfire hits the iguana but does no damage.
The iguana is severely wounded.
You hit the iguana. You freeze the iguana.
The iguana is almost dead.
The iguana barely misses you.
You closely miss the iguana.
The iguana is almost dead.
The iguana bites you.
* * * LOW HITPOINT WARNING * * *
You hit the iguana but do no damage.
The iguana is almost dead.
The iguana completely misses you.
You closely miss the iguana.
The iguana is almost dead.
The iguana bites you!
You die...

#.##.####.#..........
##....
............####.##.#
........ ####...###
#.#..#
.......######..###
###.#.##
......#..†...##
#....... ....#......#
#....... ##.
#.##.....># #......†
#...###.........#
#.......
.......v§#..l@..#
#.......
.........#......#
#.......
.........#......#
#.......
.........########
######## ##########


You could see an iguana.

Vanquished Creatures
  An adder (D:2)
  An ooze (D:2)
  A worm (D:2)
  2 dart slugs (D:1)
  4 leopard geckos
  2 orcs (D:3)
  2 ball pythons (D:1)
  7 bats
  A giant cockroach (D:2)
  2 goblins
  11 hobgoblins
  6 jackals
  2 frilled lizards (D:2)
  3 kobolds (D:1)
  6 rats
51 creatures vanquished.

Vanquished Creatures (others)
  47 foxfires
47 creatures vanquished.

Grand Total: 98 creatures vanquished

Notes
Turn   | Place    | Note
-------+----------+-------------------------------------------
     0 | D:1      | nothank2 the Demonspawn Fire Elementalist began the quest
                  | for the Orb.
     0 | D:1      | Reached XP level 1. HP: 13/13 MP: 3/3
   313 | D:1      | Reached skill level 3 in Fire Magic
   318 | D:1      | Gained mutation: You are partially covered in slimy green
                  | scales. (AC +2) [demonic ancestry]
   318 | D:1      | Reached XP level 2. HP: 19/19 MP: 0/5
  1378 | D:1      | Gained mutation: When hurt, damage is shared between your
                  | health and your magic reserves. [demonic ancestry]
  1378 | D:1      | Reached XP level 3. HP: 20/24 MP: 4/6
  2308 | D:2      | Found a runed translucent door.
  2309 | D:2      | Noticed Crazy Yiuf
  2340 | D:2      | Found a broken altar of Ashenzari.
  2541 | D:2      | Reached skill level 4 in Fire Magic
  2651 | D:2      | Reached XP level 4. HP: 11/30 MP: 0/7
  3049 | D:2      | Learned a level 4 spell: Sticky Flame
  3290 | D:3      | Mangled by an iguana

Illustrated notes

Levels and vault maps discovered:
D:1:      saegor_arrival_simple_a, layout_basic, minivault_5,
          minmay_misc_feat_cross, minmay_misc_feat_tower, serial_bayou_pond_d,
          minivault_25, minmay_misc_feat_hallway, minmay_tall_x
D:2:      layout_loops_corners, lemuel_round_altar, uniq_crazy_yiuf_cottage
D:3:      layout_rooms

Skill      XL: |  1  2  3 |
---------------+----------+-----
Fire Magic     | 3 4 |  4.1
Dodging        | |  1.7
Stealth        | |  1.7
Spellcasting   | |  2.7
Conjurations   | |  1.3

Action                   |  1- 3 |  4- 6 || total
-------------------------+-------+-------++-------
Melee: Club              |    47 |       ||    47
       Dagger            |   105 |    37 ||   142
Throw: Stone             |     3 |       ||     3
 Cast: Foxfire           |    20 |    12 ||    32
 Stab: Sleeping          |     4 |     1 ||     5
Armor: Robe              |    36 |    11 ||    47
Dodge: Dodged            |    87 |    27 ||   114
